 Dungeon Crawl Stone Soup version 0.17.1-2-g5865329 (webtiles) character file.

210 Moresty the Digger (level 5, -13/28 HPs)
             Began as a Gargoyle Earth Elementalist on Jan 11, 2016.
             Mangled by an orc warrior
             ... wielding a +0 halberd
              (19 damage)
             ... on level 3 of the Dungeon.
             The game lasted 00:17:38 (3281 turns).

Moresty the Digger (Gargoyle Earth Elementalist)    Turns: 3281, Time: 00:17:38

Health: -13/28     AC:  7    Str: 12    XL:     5   Next: 87%
Magic:  5/11       EV: 12    Int: 16    God:
Gold:   155        SH:  0    Dex: 10    Spells: 4 memorised, 1 level left

rFire  . . .     SeeInvis .     j - +1 hand axe (chop)
rCold  . . .     Clarity  .     a - +0 robe
rNeg   + . .     SustAt   +     (no shield)
rPois  ∞         Gourm    .     (no helmet)
rElec  +         Spirit   .     (no cloak)
rCorr  .         Warding  .     k - +0 pair of gloves
rMut   .         Stasis   .     (no boots)
MR     .....                    (no amulet)
Stlth  ++........               u - ring of sustain attributes
                                r - ring of poison resistance

@: not resistant to hostile enchantments, unstealthy
A: negative energy resistance 1, electricity resistance, unbreathing,
petrification resistance, rot immunity, AC +4
a: no special abilities


You were on level 3 of the Dungeon.
You were not hungry.

You visited 1 branch of the dungeon, and saw 3 of its levels.

You collected 155 gold pieces.

Inventory:

Hand Weapons
 j - a +1 hand axe of chopping (weapon)
Missiles
 b - 202 stones (quivered)
Armour
 a - a +0 robe (worn)
 g - a +0 robe
 k - a +0 pair of gloves (worn)
Jewellery
 r - a ring of poison resistance (left hand)
 u - a ring of sustain attributes (right hand)
Wands
 v - a wand of lightning (5)
Scrolls
 e - a scroll of remove curse
 i - a scroll of amnesia {unknown}
 m - 2 scrolls of identify
 n - a scroll of random uselessness {unknown}
 o - 2 scrolls of fog {unknown}
 p - a scroll of magic mapping {unknown}
 q - a scroll of teleportation {unknown}
 x - 2 scrolls of enchant weapon {unknown}
Potions
 f - 2 potions of heal wounds
 l - a potion of cure mutation {unknown}
 t - 2 potions of mutation {unknown}
 w - a potion of haste {unknown}
 z - a potion of brilliance {unknown}
Books
 c - a book of Geomancy

   Spells                             Type                      Level
   a - Sandblast                      Earth                        1
   b - Stoneskin                      Transmutation/Earth          2
   c - Passwall                       Transmutation/Earth          3
   d - Stone Arrow                    Conjuration/Earth            3
   e - Petrify                        Transmutation/Earth          4
   f - Lee's Rapid Deconstruction     Earth                        5
Comestibles
 d - 2 bread rations
 h - 7 chunks of flesh
 s - a meat ration


   Skills:
 - Level 1.5 Dodging
 - Level 2.1 Stealth
 * Level 4.4 Spellcasting
 + Level 0.7 Conjurations
 - Level 0.7 Transmutations
 + Level 5.3 Earth Magic


You had one spell level left.
You knew the following spells:

 Your Spells              Type           Power        Failure   Level  Hunger
a - Sandblast             Erth           ###...       1%          1    None
b - Stoneskin             Trmt/Erth      ##......     10%         2    ##.....
c - Stone Arrow           Conj/Erth      ##....       14%         3    ###....
d - Lee's Rapid Deconstr  Erth           ###.......   63%         5    ######.


Dungeon Overview and Level Annotations

Branches:
Dungeon (3/15)

Altars:
Makhleb


Innate Abilities, Weirdness & Mutations

You are resistant to torment.
Your stone body is resilient (AC +4).
You are immune to poison.
You resist negative energy.
You are resistant to electric shocks.
You can survive without breathing.
You are immune to petrification.
You are immune to rotting.


Message History

The orc warrior hits you from afar with a halberd.
Casting: Sandblast
Confirm with . or Enter, or press ? or * to list all spells.
Aiming: Sandblast
Press: ? - help, Shift-Dir - straight line, f/p - orc warrior
Aim: an orc warrior, wielding a halberd and wearing a shiny chain mail The blast of sand hits the orc warrior.
The orc warrior hits you from afar with a halberd!
Ouch! That really hurt!
* * * LOW HITPOINT WARNING * * *
Casting: Sandblast
Confirm with . or Enter, or press ? or * to list all spells.
Aiming: Sandblast
Press: ? - help, Shift-Dir - straight line, f/p - orc warrior
Aim: an orc warrior, wielding a halberd and wearing a shiny chain mail The blast of sand hits the orc warrior.
The orc wizard shouts!
The orc warrior hits you from afar with a halberd!!
Ouch! That really hurt!
You die...

......# #.....#.###
......# #.........#
......####.....#o#.#
.........>##.#.#(#...
#######.#.##)#.#.#
###
#...###.#.##.#.#(#
'....##.#.##.#.#o#
#....##.#.##.#.#.#
#....##.#.##...#@#
####.##.#.######.# #
#.##.#.......)# #
#.....######### #
####..# # #..# # #..#
# #..# # #..#


You could see an orc warrior and an orc wizard.

Vanquished Creatures
  An orc priest (D:3)
  Ijyb (D:3)
  6 adders
  An adder zombie (D:3)
  A worm (D:2)
  2 giant geckos
  3 orcs (D:3)
  5 giant cockroaches
  12 hobgoblins
  8 jackals
  A quokka (D:3)
  2 ball pythons
  15 bats
  7 giant newts
  7 goblins
  10 kobolds
  7 rats
89 creatures vanquished.

Notes
Turn   | Place    | Note
--------------------------------------------------------------
     0 | D:1      | Moresty the Gargoyle Earth Elementalist began the quest for the Orb.
     0 | D:1      | Reached XP level 1. HP: 10/10 MP: 3/3
   261 | D:1      | Reached XP level 2. HP: 13/15 MP: 1/5
   460 | D:1      | Reached skill level 4 in Earth Magic
   469 | D:1      | Learned a level 2 spell: Stoneskin
   730 | D:1      | Reached XP level 3. HP: 19/19 MP: 4/7
   738 | D:1      | Learned a level 3 spell: Stone Arrow
  1239 | D:2      | Reached XP level 4. HP: 24/24 MP: 7/9
  2340 | D:3      | Reached XP level 5. HP: 28/28 MP: 5/10
  2469 | D:3      | Found a burning altar of Makhleb.
  2508 | D:3      | Noticed Ijyb
  2721 | D:3      | Killed Ijyb
  2721 | D:3      | Reached skill level 5 in Earth Magic
  2805 | D:3      | Learned a level 5 spell: Lee's Rapid Deconstruction
  3266 | D:3      | Noticed an orc warrior
  3281 | D:3      | Mangled by an orc warrior

Action                   |  1- 3 |  4- 6 || total
-------------------------+-------+-------++-------
Melee: Unarmed           |    16 |       ||    16
       Hand axe          |     9 |    30 ||    39
 Cast: Sandblast         |    60 |   141 ||   201
  Use: Scroll            |       |     2 ||     2
  Eat: Chunk             |     2 |     6 ||     8
